 Dungeon Crawl Stone Soup version 0.28.0-53-g5a82cb258f (webtiles) character file.

Game seed: 16756696784866597122

203 ILmort the Chopper (level 5, -6/72 HPs)
             Began as a Hill Orc Monk on Aug 22, 2022.
             Killed from afar by an orc wizard (12 damage)
             ... with a puff of flame
             ... on level 3 of the Dungeon.
             The game lasted 00:07:23 (3611 turns).

ILmort the Chopper (Hill Orc Monk)                  Turns: 3611, Time: 00:07:23

Health: -6/72      AC: 22    Str: 13 (16) XL:     5   Next: 81%
Magic:  5/5        EV:  2    Int: 10 (12) God:
Gold:   116        SH:  0    Dex: 10 (13) Spells: 4/4 levels left

rFire   . . .      SeeInvis .   a - +0 hand axe
rCold   . . .      Faith    .   (no shield)
rNeg    . . .      Spirit   .   (armour currently unavailable)
rPois   +          Reflect  .   (helmet currently unavailable)
rElec   .          Harm     .   (cloak currently unavailable)
rCorr   .          Rampage  .   (gloves currently unavailable)
Will    .....      NoTele   +   (boots currently unavailable)
Stlth   ++........              (no amulet)
HPRegen 0.22/turn               (no ring)
MPRegen 0.09/turn               (no ring)

@: tree-form
A: stationary, stasis, torment immunity, boosted hp, clever 1
a: no special abilities


You were on level 3 of the Dungeon.
You were a tree.
You visited 1 branch of the dungeon, and saw 3 of its levels.

You collected 116 gold pieces.

Inventory:

Hand Weapons
 a - a +0 hand axe (weapon)
Armour
 b - a +0 robe
 f - a +0 ring mail
 o - a +0 chain mail (melded)
Wands
 s - a wand of flame (13)
Scrolls
 c - a scroll of summoning {unknown}
 d - 3 scrolls of identify {unknown}
 j - a scroll of enchant weapon {unknown}
 n - a scroll of enchant armour {unknown}
 p - 3 scrolls of fear {unknown}
Potions
 i - a potion of brilliance {unknown}
 l - a potion of might {unknown}
 m - a potion of haste {unknown}
 q - a potion of heal wounds {unknown}
 r - a potion of degeneration


   Skills:
 + Level 5.2 Fighting
 * Level 7.2 Axes
 - Level 2.4 Dodging
 - Level 1.5 Stealth


You had 4 spell levels left.
You didn't know any spells.
Your spell library was empty.

Dungeon Overview and Level Annotations

Branches:
Dungeon (3/15)

Altars:
Kikubaaqudgha


Innate Abilities, Weirdness & Mutations

You are a tree.
Your roots penetrate the ground, keeping you stationary.
You cannot be teleported.
You are immune to unholy pain and torment.
Your maximum health is greatly increased.
Your equipment is partially melded.
Your mind is acute. (Int +2)


Message History

You miss something. Something hits you.
You bump into the rock wall.
Something hits you but does no damage.
You're too confused to move!
You hear some strange, mumbled words.
A magic dart appears from out of thin air!
The magic dart hits you.
You completely miss something. Something hits you but does no damage.
You bump into the rock wall.
You feel less confused. Something hits you but does no damage.
You closely miss something. Something hits you but does no damage.
You barely miss something. Something hits you.
You barely miss something. Something hits you.
* * * LOW HITPOINT WARNING * * *
You hit something. You miss something. Something hits you but does no damage.
You miss something. Something hits you.
* * * LOW HITPOINT WARNING * * *
You hit something but do no damage. Something hits you but does no damage.
You hit something.
You hear some strange, mumbled words.
A magic dart appears from out of thin air!
The magic dart hits you.
* * * LOW HITPOINT WARNING * * *
You closely miss something. Something hits you.
* * * LOW HITPOINT WARNING * * *
It was a potion of degeneration.
There was something very wrong with that liquid.
You feel weakened.
You feel dopey.
You feel clumsy. Something hits you but does no damage.
It was a potion of mutation.
You feel extremely strange.
You feel clever. Something hits you but does no damage.
It was a potion of lignification.
You turn into a tree.
Your +0 chain mail melds into your body.
Your roots penetrate the ground.
You hear some strange, mumbled words.
A puff of flame appears from out of thin air!
The puff of flame hits you!
You die...

.♣.♣.....#
#######........
#######..##
#####....
#....#######
≈≈##### ###
#....##....#
≈≈≈###. ..#
#....##....#
.......
######....##....#
≈ .......
......#..###....#
≈.. ≈≈....o
......#..#
#....###..≈..
..≈...)
......#..#
#....♣{o...≈≈
..≈....
.........#
#....##......
≈≈.....
.........# #...†#
..... ⌠......
................#
...≈ ..≈≈...
#.##...#.###....#
..≈ ≈≈..≈..
#..##+#..###....#
.. ....≈..
##....#.......#.#
.
#.####..####.#.#
#.......# #.#.#


You could see an orc.

Vanquished Creatures
  Jessica (D:2)
  Natasha (twice) (D:3)
  4 adders
  3 worms
  5 dart slugs
  2 orcs (D:3)
  6 ball pythons
  3 endoplasms
  5 giant cockroaches
  5 goblins
  6 hobgoblins
  8 jackals
  5 kobolds
  A quokka (D:3)
  6 bats
  8 frilled lizards
  2 rats
72 creatures vanquished.

Vanquished Creatures (others)
  2 plants (D:2)
2 creatures vanquished.

Grand Total: 74 creatures vanquished

Notes
Turn   | Place    | Note
-------+----------+-------------------------------------------
     0 | D:1      | ILmort the Hill Orc Monk began the quest for the Orb.
     0 | D:1      | Reached XP level 1. HP: 19/19 MP: 1/1
   158 | D:1      | Reached XP level 2. HP: 27/27 MP: 2/2
   367 | D:1      | Reached skill level 5 in Axes
   471 | D:1      | Reached XP level 3. HP: 26/33 MP: 3/3
  1017 | D:2      | Noticed Jessica
  1042 | D:2      | Killed Jessica
  1043 | D:2      | Reached XP level 4. HP: 23/41 MP: 4/4
  1333 | D:2      | Found a faded altar of an unknown god.
  1617 | D:2      | Reached skill level 6 in Axes
  2445 | D:3      | Found an ancient bone altar of Kikubaaqudgha.
  2445 | D:3      | Noticed Natasha
  2463 | D:3      | Killed Natasha
  2464 | D:3      | Reached XP level 5. HP: 14/47 MP: 5/5
  2869 | D:3      | Reached skill level 5 in Fighting
  3188 | D:3      | Noticed Natasha
  3193 | D:3      | Killed Natasha
  3194 | D:3      | Reached skill level 7 in Axes
  3610 | D:3      | Gained mutation: Your mind is acute. (Int +2) [potion of
                  | mutation]
  3611 | D:3      | Killed from afar by an orc wizard

Illustrated notes

Levels and vault maps discovered:
D:1:      elethiomel_arrival_shortcut, layout_loops_ring
D:2:      layout_loops_ring, basic_ecumenical_altar, minmay_misc_feat_pillars,
          grunt_ministairs_7, serial_bayou_lagoon_a, uniq_jessica
D:3:      cheibrodos_helix_gallery, layout_basic, mainiacjoe_overflow_brackets,
          chequers_avenue, uniq_natasha

Skill      XL: |  1  2  3  4  5 |
---------------+----------------+-----
Fighting       | 4 5 |  5.2
Axes           | 5 6 7 |  7.2
Dodging        | |  2.4
Stealth        | |  1.5

Action                   |  1- 3 |  4- 6 || total
-------------------------+-------+-------++-------
Melee: Hand axe          |    93 |   193 ||   286
       Punch             |     1 |     2 ||     3
  Use: Potion            |       |     3 ||     3
       Scroll            |       |     2 ||     2
Armor: Robe              |     2 |       ||     2
       Ring mail         |    26 |     7 ||    33
       Chain mail        |       |   105 ||   105
Dodge: Dodged            |    50 |    70 ||   120
